 Dungeon Crawl Stone Soup version 0.31.0-9-g3a7656b989 (webtiles) character file.

Game seed: 14158116109328688596

91 stipulation the Ruffian (level 4, -3/38 HPs)
             Began as a Ghoul Monk on Jan 25, 2024.
             Splashed by a jelly's acid (5 damage)
             ... on level 4 of the Dungeon.
             The game lasted 00:01:13 (2583 turns).

stipulation the Ruffian (Ghoul Monk)                Turns: 2583, Time: 00:01:14

Health: -3/38      AC: -1    Str: 16    XL:     4   Next: 59%
Magic:  4/4        EV:  7    Int:  9    God:
Gold:   265        SH:  0    Dex: 11    Spells: 3/3 levels left

rFire   . .          .
                       - Unarmed
rCold   + . .        c - orb {light}
rNeg    + + +        i - +0 chain mail
rPois   ∞            u - +2 helmet
rElec   .            (no cloak)
rCorr   .            (no gloves)
SInv    .            (no boots)
Will    .....        (no amulet) Stlth
                     (no ring)
HPRegen 0.00/turn    (no ring)
MPRegen 0.09/turn

%: no passive effects
@: corroded, inhibited regen, glowing
A: claws 1, cold resistance 1, negative energy resistance 3, inhibited
regeneration, torment resistance 2, devour on kill
a: no special abilities


You were on level 4 of the Dungeon.
You visited 1 branch of the dungeon, and saw 4 of its levels.

You collected 265 gold pieces.

Inventory:

Armour
 a - a +0 robe
 c - an orb of light (worn)
 i - a +0 chain mail (worn)
 u - a +2 helmet (worn)
Jewellery
 o - an amulet of the acrobat
Scrolls
 f - 4 scrolls of identify {unknown}
 h - 2 scrolls of teleportation {unknown}
 j - a scroll of immolation {unknown}
 k - 2 scrolls of vulnerability {unknown}
 l - a scroll of enchant weapon {unknown}
 n - a scroll of amnesia {unknown}
 q - a scroll of fear {unknown}
 r - a scroll of blinking {unknown}
 s - a scroll of silence {unknown}
Potions
 b - a potion of ambrosia
 d - 2 potions of enlightenment {unknown}
 e - 5 potions of haste {unknown}
 g - a potion of lignification {unknown}
 m - 3 potions of curing {unknown}
 p - 2 potions of cancellation {unknown}
 t - a potion of heal wounds {unknown}
 v - a potion of attraction {unknown}


   Skills:
 - Level 3.2 Fighting
 - Level 2.6 Dodging
 + Level 5.7 Unarmed Combat


You had 3 spell levels left.
You didn't know any spells.
Your spell library contained the following spells:

 Spells                   Type           Power      Damage    Failure   Level
 Passage of Golubria      Tloc           0%         N/A       100%        4
 Silence                  Hex/Air        0%         N/A       100%        5
 Lehudib's Crystal Spear  Conj/Erth      0%         10d2      100%        8


Dungeon Overview and Level Annotations

Branches:
Dungeon (4/15)
 Temple: D:4-7

Altars:
Makhleb


Innate Abilities, Weirdness & Mutations

You are immune to poison.
You have sharp fingernails.
Your flesh is cold resistant. (rC+)
You are immune to negative energy. (rN+++)
You do not regenerate when monsters are visible.
You are immune to unholy pain and torment.
You thrive by killing the living.


Message History

You scratch the jelly.
Your claws burn!
The jelly is moderately wounded.
An adder comes into view.
The goblin barely misses you. The kobold hits you with a +0 whip.
The jelly hits you but does no damage.
You are too injured to fight recklessly!
You are too injured to fight recklessly!
You are too injured to fight recklessly!
You are too injured to fight recklessly!
You are too injured to fight recklessly!
You are too injured to fight recklessly!
You are too injured to fight recklessly!
You are too injured to fight recklessly!
You are too injured to fight recklessly!
You are too injured to fight recklessly!
You are too injured to fight recklessly!
You are too injured to fight recklessly!
You are too injured to fight recklessly!
The ball python attacks as it pursues you!
The ball python bites you but does no damage.
The ball python grabs you. The ball python constricts you.
The goblin barely misses you.
You escape the ball python's grasp.
The adder hisses angrily.
The jelly attacks as it pursues you! The jelly hits you but does no damage.
The ball python attacks as it pursues you!
The ball python barely misses you. The ball python grabs you.
The ball python constricts you.
You escape the ball python's grasp.
The goblin attacks as it pursues you! The goblin closely misses you.
The jelly attacks as it pursues you! The jelly closely misses you.
You scratch the jelly.
Your claws burn!
The jelly is moderately wounded.
The jelly hits you but does no damage.
You scratch the jelly. The acid corrodes you!
Your claws burn!
The jelly is heavily wounded.
The jelly hits you. The acid corrodes you!
You are splashed with acid!
* * * LOW HITPOINT WARNING * * *
You scratch the jelly but do no damage.
Your claws burn!
You die...

#..........
#............ .#
............ #.####
#........... #.....#
#........... ##....##
#...........
#......###K...>...)..
#...>..#@JgSS........
#........##..........
#.......####.?.......
#.......## #.........
#........# ##........
#...†....# #........
####.....# ##.......
##.##### ......# #..#
#....##


You could see a jelly, an adder, a goblin, a ball python and a kobold.

Vanquished Creatures
  2 adders (D:3)
  A dart slug (D:2)
  A ribbon worm (D:3)
  4 orcs (D:2)
  7 endoplasms
  A giant cockroach (D:2)
  9 goblins
  7 hobgoblins
  A quokka (D:1)
  5 ball pythons
  5 bats
  5 frilled lizards
  8 kobolds (D:1)
  3 rats
59 creatures vanquished.

Notes
Turn   | Place    | Note
-------+----------+-------------------------------------------
     0 | D:1      | stipulation the Ghoul Monk began the quest for the Orb.
     0 | D:1      | Reached XP level 1. HP: 19/19 MP: 1/1
    60 | D:1      | Reached XP level 2. HP: 20/26 MP: 2/2
    73 | D:1      | Reached skill level 4 in Unarmed Combat
   432 | D:1      | Reached XP level 3. HP: 31/31 MP: 3/3
   506 | D:1      | Found a faded altar of an unknown god.
  1153 | D:2      | Reached skill level 5 in Unarmed Combat
  1515 | D:2      | Reached XP level 4. HP: 38/38 MP: 4/4
  1701 | D:3      | Found a burning altar of Makhleb.
  1706 | D:3      | Noticed an angel
  1706 | D:3      | Noticed a green death
  2583 | D:4      | Splashed by a jelly's acid

Illustrated notes

Levels and vault maps discovered:
D:1:      enne_arrival_octagon_isle, layout_basic,
          shapermc_ecumenical_altar_notcrosses, chequers_mini_garden,
          nicolae_eternal_life, minmay_tromino_i2
D:2:      wander_river, layout_loops_cross
D:3:      layout_loops_ring, grunt_temple_overflow_order_and_chaos_2,
          grunt_ministairs_3, supply_closet_lemuel
D:4:      layout_cave_pods, kennysheep_mini, minmay_temple_entry_glassed_door

Skill      XL: |  1  2  3 |
---------------+----------+-----
Unarmed Combat | 4 5 |  5.7
Fighting       | |  3.2
Dodging        | |  2.6

Action                     |  1- 3 |  4- 6 || total
---------------------------+-------+-------++-------
  Melee: Unarmed           |   105 |    38 ||   143
 Armour: Robe              |    25 |       ||    25
         Chain mail        |    47 |    37 ||    84
  Dodge: Dodged            |    68 |    10 ||    78
